 Dungeon Crawl Stone Soup version 0.20.0-15-g7f486f2 (webtiles) character file.

25697 pib the Impaler (level 12, 0/112 HPs)
             Began as a Minotaur Fighter on June 27, 2017.
             Was a High Priest of Trog (penitent).
             Slain by a polar bear (17 damage)
             ... created by the rage of Trog
             ... on level 12 of the Dungeon on June 28, 2017.
             The game lasted 00:51:32 (16363 turns).

pib the Impaler (Minotaur Fighter)                 Turns: 16363, Time: 00:51:32

Health: 0/112      AC: 18    Str: 24    XL:     12   Next: 91%
Magic:  4/4        EV:  9    Int:  5    God:    Trog [*]
Gold:   846        SH: 12    Dex: 12    Spells: 7/11 levels left

rFire    . . .     SeeInvis .   T - +4 trident (antimagic)
rCold    . . .     Gourm    .   c - +0 shield
rNeg     . . .     Faith    .   v - +1 plate armour
rPois    +         Spirit   .   (helmet restricted)
rElec    .         Reflect  .   Q - scarf {cloud immunity}
rCorr    .         Harm     .   (no gloves)
MR       +....                  j - +1 pair of boots
Stlth    ..........             e - amulet of regeneration
Regen    0.7/turn               Z - ring of protection from magic
MPRegen  0.1/turn               i - ring of poison resistance

@: very slightly contaminated
A: retaliatory headbutt, horns 2
a: Burn Spellbooks, Renounce Religion


You were on level 12 of the Dungeon.
You worshipped Trog.
Trog was demanding penance.
You were not hungry.

You visited 1 branch of the dungeon, and saw 13 of its levels.
You also visited: Labyrinth, Ossuary and Bailey.

You collected 846 gold pieces.

Inventory:

Hand Weapons
 T - a +4 antimagic trident (weapon)
Missiles
 r - 448 stones (quivered)
 t - 360 arrows
 C - 16 javelins of returning
 J - 3 throwing nets
 Y - 2 large rocks
Armour
 b - the +1 leather armour of the Harvest {Int+5, unknown}
   (You found it in a labyrinth)

   It affects your intelligence (+5).
 c - a +0 shield (worn)
 j - a +1 pair of boots (worn)
 v - a +1 plate armour (worn)
 Q - a scarf of cloud immunity (worn)
Jewellery
 a - the ring "Culiupoi" {*Tele MR+, unknown}
   (You took it off a minotaur in a labyrinth)

   [ring of teleportation]

   It may teleport you next to monsters.
   It affects your resistance to hostile enchantments.
 d - an uncursed ring of fire
 e - an amulet of regeneration (around neck)
 h - an uncursed ring of resist corrosion
 i - a ring of poison resistance (right hand)
 p - an uncursed ring of magical power
 x - a +3 ring of evasion
 y - the amulet "Hugit" {Spirit rPois MP+9, unknown}
   (You found it in a labyrinth)

   [amulet of guardian spirit]

   It causes incoming damage to be split between your health and magic.
   It protects you from poison.
   It affects your magic capacity (+9).
 D - an uncursed ring of see invisible {unknown}
 R - an uncursed ring of protection from cold
 Z - a ring of protection from magic (left hand)
Wands
 o - a wand of flame (38/48)
 s - a wand of digging (3/24)
 F - a wand of flame (33/48)
 P - a wand of random effects (26/48)
 S - a wand of digging (15/24)
 U - a wand of lightning (0/15)
 X - a wand of iceblast (3/15)
Scrolls
 q - a scroll of magic mapping
 w - 3 scrolls of teleportation
 A - a scroll of acquirement {unknown}
 I - 6 scrolls of identify
 M - 5 scrolls of remove curse
 W - 2 scrolls of recharging
Potions
 g - a potion of flight
 k - a potion of brilliance
 n - 2 potions of heal wounds
 B - 4 potions of mutation
 G - 7 potions of curing
 H - 2 potions of agility
 K - a potion of magic {unknown}
 L - 2 potions of haste {unknown}
 O - a potion of cancellation {unknown}
 V - a potion of might
Miscellaneous
 E - a lamp of fire
Comestibles
 f - 5 bread rations
 l - 6 royal jellies
 u - 11 fruits
 z - 7 meat rations


   Skills:
 + Level 12.3 Fighting
 - Level 15.1 Polearms
 + Level 11.8 Armour
 * Level 5.3 Dodging
 + Level 10.6 Shields
 - Level 4.5 Evocations


You had 7 spell levels left.
You knew the following spells:

 Your Spells              Type           Power        Failure   Level  Hunger
a - Blink                 Tloc           N/A          100%        2    ###....
b - Call Imp              Summ           #.......     100%        2    ###....


Dungeon Overview and Level Annotations

Branches:
Dungeon (13/15)            Temple (0/1) D:7            Lair (0/6) D:8
    Orc (0/2) D:10
 Vaults: D:13-14

Altars:
Ashenzari
Cheibriados
Gozag
Makhleb
Okawaru
Ru
Trog
Yredelemnul
The Shining One


Innate Abilities, Weirdness & Mutations

You reflexively headbutt those who attack you in melee.
You have a pair of horns on your head.


Message History

The polar bear closely misses you. The ogre hits you with a giant club.
You hear two shouts!
You block the polar bear's attack. The polar bear barely misses you.
The polar bear misses you. The ogre closely misses you.
You hear two shouts!
You block the polar bear's attack.
The polar bear claws you but does no damage. x2
The ogre hits you with a giant club! The polar bear bites you.
You block the polar bear's attack.
The polar bear claws you but does no damage.
You hear an angry growl.
You hear an angry growl.
The polar bear bites you!!
* * * LOW HITPOINT WARNING * * *
You block the polar bear's attack.
The polar bear claws you but does no damage.
The polar bear bites you.
* * * LOW HITPOINT WARNING * * *
You block the polar bear's attack. x2; The polar bear bites you!
You die...

# #............#
#..........# #
#............#
#..........# #
#............#
#..........# #
#............#
#)#######..# #
#............# #.# #..#
# #............# #.#
#..## # #............#
#.# #....
#####............####.#
#....
.)..............@hO...#
#..##
#####..........h####..#
#..# # #...........#
#..# #..# #
#...........# #..# #..#
# #..........<# #..#
#..# # #...........#
#..# #..# #
#...........#
#..#######..# #
#...........#
#...........# #
#...........#
#...........#


You could see 2 polar bears and an ogre (berserk).

Vanquished Creatures
  A minotaur (Lab)
  A hydra (D:12)
  A catoblepas (D:13)
  2 centaur warriors
  6 two-headed ogres
  Urug (D:10)
  2 unseen horrors (D:13)
  Pikel (D:7)
  A cyclops (D:11)
  4 orange demons (D:11)
  A gargoyle (D:11)
  A red devil (D:11)
  A troll (D:8)
  A hornet (D:11)
  5 slime creatures (D:12)
  2 hippogriffs
  Sigmund (D:6)
  2 vampires
  9 yaks
  8 hungry ghosts
  An acid dragon (D:11)
  A water moccasin (D:10)
  4 black bears
  An eye of draining (D:9)
  16 orc warriors
  2 sky beasts
  2 ice beasts
  2 slaves (D:7)
  2 wolves (D:8)
  2 ogres
  3 phantoms
  18 centaurs
  7 bullfrogs
  3 big kobolds
  A wyvern skeleton (D:8)
  14 scorpions
  3 howler monkeys
  8 wights
  3 electric eels (D:8)
  2 crimson imps
  3 centaur zombies (Ossuary)
  8 hounds
  2 quasits
  3 human zombies (Ossuary)
  9 orc priests
  2 centaur skeletons
  2 jellies
  18 orc wizards
  4 bullfrog skeletons
  Natasha (thrice) (D:4 D:6)
  6 worker ants
  2 iguanas
  A big kobold zombie (Ossuary)
  A hound zombie (D:4)
  3 mummies (Ossuary)
  A worker ant zombie (D:7)
  A howler monkey skeleton (D:11)
  3 gnolls (D:6)
  2 scorpion zombies (Ossuary)
  16 adders
  4 shadow imps
  4 adder skeletons
  2 adder zombies
  A worm (D:3)
  3 dart slugs
  6 leopard geckos
  81 orcs
  3 bats
  2 giant cockroaches
  2 gnoll zombies (Ossuary)
  13 goblins
  5 hobgoblins
  8 jackals
  32 kobolds
  7 quokkas
  4 frilled lizards
  A goblin zombie (Ossuary)
  A hobgoblin zombie (Ossuary)
  2 kobold zombies (Ossuary)
  2 orc zombies (Ossuary)
  A quokka skeleton (D:8)
  6 rats
426 creatures vanquished.

Vanquished Creatures (collateral kills)
  Nergalle (D:10)
  An orange demon (D:11)
  A red devil (D:11)
3 creatures vanquished.

Vanquished Creatures (others)
  A scorpion (Ossuary)
  An orc wizard (D:12)
  An adder (D:7)
3 creatures vanquished.

Grand Total: 432 creatures vanquished

Notes
Turn   | Place    | Note
-------+----------+-------------------------------------------
     0 | D:1      | pib the Minotaur Fighter began the quest for the Orb.
     0 | D:1      | Reached XP level 1. HP: 19/19 MP: 0/0
   213 | D:1      | Reached XP level 2. HP: 27/27 MP: 1/1
   640 | D:2      | Reached skill level 3 in Polearms
   644 | D:2      | Reached XP level 3. HP: 32/33 MP: 2/2
   870 | D:2      | Found a bloodstained altar of Trog.
   892 | D:2      | Became a worshipper of Trog the Wrathful
  1104 | D:3      | Reached XP level 4. HP: 35/40 MP: 3/3
  1295 | D:3      | Reached skill level 4 in Polearms
  1482 | D:3      | Reached XP level 5. HP: 47/47 MP: 4/4
  1609 | D:3      | Reached * piety under Trog
  1731 | D:3      | Found a shattered altar of Ashenzari.
  1785 | D:3      | HP: 1/47 [orc priest/club (2)]
  1786 | D:3      | Reached skill level 5 in Shields
  2114 | D:4      | Reached skill level 5 in Polearms
  2279 | D:4      | Noticed Natasha
  2291 | D:4      | Killed Natasha
  2291 | D:4      | Reached XP level 6. HP: 53/53 MP: 5/5
  2379 | D:4      | Reached skill level 5 in Armour
  2808 | D:5      | Entered Level 5 of the Dungeon
  2820 | D:5      | Found a burning altar of Makhleb.
  2831 | D:5      | Reached skill level 5 in Fighting
  2853 | D:5      | Reached skill level 6 in Polearms
  3276 | D:5      | Found a sacrificial altar of Ru.
  3286 | D:5      | Reached XP level 7. HP: 60/61 MP: 6/6
  3372 | D:5      | Found a sand-covered staircase.
  3379 | Ossuary  | Entered an ossuary
  3416 | Ossuary  | Reached ** piety under Trog
  3640 | Ossuary  | Reached skill level 7 in Polearms
  3921 | Ossuary  | Reached XP level 8. HP: 70/70 MP: 7/7
  4052 | Ossuary  | Reached skill level 8 in Polearms
  4702 | D:6      | Noticed Natasha
  4711 | D:6      | Killed Natasha
  4711 | D:6      | Reached *** piety under Trog
  4747 | D:6      | Noticed Sigmund
  4928 | D:6      | Reached skill level 9 in Polearms
  5018 | D:6      | Reached XP level 9. HP: 79/79 MP: 8/8
  5058 | D:6      | Noticed Natasha
  5062 | D:6      | Killed Natasha
  5078 | D:6      | Killed Sigmund
  5550 | D:6      | Found a snail-covered altar of Cheibriados.
  5632 | D:6      | Found an iron altar of Okawaru.
  5633 | D:6      | Found an opulent altar of Gozag.
  5635 | D:6      | Found a basalt altar of Yredelemnul.
  5716 | D:7      | Found a staircase to the Ecumenical Temple.
  5869 | D:7      | Noticed Pikel
  5909 | D:7      | Killed Pikel
  5909 | D:7      | Reached skill level 10 in Polearms
  6023 | D:7      | Reached **** piety under Trog
  6475 | D:7      | Got a steaming silver amulet
  6935 | D:8      | Reached skill level 11 in Polearms
  7090 | D:8      | Reached XP level 10. HP: 90/90 MP: 9/9
  7196 | D:8      | Identified the amulet of Liff {Faith rPois Str-2 Int+3 SInv} (You found it on level 7 of the Dungeon)
  7291 | D:8      | Found a staircase to the Lair.
  7317 | D:8      | Reached ***** piety under Trog
  7610 | D:8      | Noticed a two-headed ogre
  7619 | D:8      | Killed a two-headed ogre
  7880 | D:8      | Found a glowing golden altar of the Shining One.
  8294 | D:9      | Reached skill level 12 in Polearms
  8311 | D:9      | Noticed a two-headed ogre
  8335 | D:8      | Killed a two-headed ogre
  9178 | D:9      | Noticed a two-headed ogre
  9191 | D:9      | Killed a two-headed ogre
  9392 | D:9      | Noticed a two-headed ogre
  9401 | D:9      | Killed a two-headed ogre
  9401 | D:9      | Reached skill level 10 in Fighting
  9401 | D:9      | Reached XP level 11. HP: 77/99 MP: 10/10
  9431 | D:9      | Reached skill level 1 in Evocations
  9444 | D:9      | Reached skill level 13 in Polearms
  9558 | D:9      | Reached skill level 10 in Armour
 10021 | D:10     | Entered Level 10 of the Dungeon
 10135 | D:10     | Noticed a two-headed ogre
 10160 | D:10     | Killed a two-headed ogre
 10247 | D:10     | Noticed Nergalle
 10273 | D:10     | Killed Nergalle
 10321 | D:10     | Noticed a centaur warrior
 10333 | D:10     | Killed a centaur warrior
 10402 | D:10     | Received a gift from Trog
 10481 | D:10     | Found a flagged portal.
 10487 | Bailey   | Entered a bailey
 11507 | Bailey   | Got a warped halberd
 11869 | D:10     | Identified the cursed +1 halberd "Wosarr" {chop, rPois Dex-3 SInv} (You found it in a bailey)
 11905 | D:10     | Noticed Urug
 11912 | D:10     | Killed Urug
 11912 | D:10     | Reached skill level 14 in Polearms
 12373 | D:10     | Found a staircase to the Orcish Mines.
 12510 | D:10     | Got a slimy robe
 12513 | D:10     | Identified the +0 robe of Awe {Int+4} (You took it off a kobold on level 10 of the Dungeon)
 13045 | D:11     | Reached XP level 12. HP: 110/110 MP: 13/13
 13352 | D:11     | Reached skill level 1 in Dodging
 13946 | D:12     | Noticed a two-headed ogre
 13953 | D:12     | Killed a two-headed ogre
 14088 | D:12     | Reached skill level 10 in Shields
 14155 | D:12     | Received a gift from Trog
 14242 | D:12     | Reached skill level 15 in Polearms
 14432 | D:12     | Noticed a four-headed hydra
 14443 | D:12     | Killed a four-headed hydra
 14918 | D:13     | Noticed a catoblepas
 14929 | D:13     | Killed a catoblepas
 15008 | D:13     | Found a labyrinth entrance.
 15056 | Lab      | Entered a labyrinth
 15655 | Lab      | Noticed a minotaur
 15662 | Lab      | Killed a minotaur
 15664 | Lab      | Got a bound platinum ring
 15684 | Lab      | Identified the Grimoire of Evil Air
 15688 | Lab      | Was placed under penance by Trog
 15691 | Lab      | Learned a level 2 spell: Blink
 15694 | Lab      | Learned a level 2 spell: Call Imp
 15697 | Lab      | Got a distressingly furry leather armour
 15697 | Lab      | Got an ancient steel amulet
 15800 | D:13     | Noticed a centaur warrior
 15804 | D:13     | Killed a centaur warrior
 15804 | D:13     | Reached skill level 5 in Dodging
 15906 | D:13     | Noticed a two-headed ogre
 15906 | D:13     | Noticed a two-headed ogre
 16331 | D:11     | Noticed a two-headed ogre
 16363 | D:12     | Slain by a polar bear

Skill      XL: |  1  2  3  4  5  6  7  8  9 10 11 12 |
---------------+-------------------------------------+-----
Shields        | 4 5 6 7 8 9 10 | 10.6
Polearms       | 3 4 5 6 7 9 11 12 14 15 | 15.1
Fighting       | 4 5 7 8 10 11 12 | 12.3
Armour         | 4 5 6 7 8 9 11 | 11.8
Evocations     | 3 4 |  4.5
Dodging        | 5 |  5.3

Action                   |  1- 3 |  4- 6 |  7- 9 | 10-12 || total
-------------------------+-------+-------+-------+-------++-------
Melee: Trident           |    78 |   222 |   472 |  1041 ||  1813
       Headbutt          |     8 |    30 |   107 |   156 ||   301
       Scythe            |       |       |    10 |       ||    10
Invok: Berserk           |       |     1 |     1 |     4 ||     6
       Trog's Hand       |       |       |     1 |     1 ||     2
       Brothers in Arms  |       |       |       |     2 ||     2
Evoke: Wand              |       |       |       |    18 ||    18
       Sack of spiders   |       |       |       |     1 ||     1
  Use: Scroll            |       |    12 |     3 |    17 ||    32
       Potion            |       |     1 |       |     8 ||     9
  Eat: Chunk             |     1 |     7 |    11 |    21 ||    40
       Bread ration      |       |       |     1 |     3 ||     4
       Meat ration       |       |       |       |     1 ||     1
       Royal jelly       |       |       |       |     1 ||     1
Armor: Scale mail        |    21 |    16 |       |       ||    37
       Chain mail        |       |    79 |   114 |    28 ||   221
       Plate armour      |       |       |       |   232 ||   232
Dodge: Dodged            |    17 |    30 |    83 |   122 ||   252
Block: Shield            |    25 |    88 |   174 |   369 ||   656
